 Dungeon Crawl Stone Soup version 0.19.1 (webtiles) character file.

214 CanadianGator the Cutter (level 6, -4/38 HPs)
             Began as a Kobold Berserker on Jan 10, 2017.
             Was a Believer of Trog.
             Killed from afar by an orc wizard (6 damage)
             ... with a magic dart
             ... on level 3 of the Dungeon.
             The game lasted 00:07:42 (3103 turns).

CanadianGator the Cutter (Kobold Berserker)         Turns: 3103, Time: 00:07:43

Health: -4/38      AC:  6    Str: 14    XL:     6   Next: 15%
Magic:  6/6        EV: 16    Int:  8    God:    Trog [**....]
Gold:   84         SH:  5    Dex: 17    Spells: 0 memorised, 5 levels left

rFire  . . .     SeeInvis .     c - +0 short sword (venom)
rCold  . . .     Gourm    .     n - +0 leather armour
rNeg   . . .     Faith    .     s - +1 buckler {AC+3}
rPois  .         Spirit   .     (no helmet)
rElec  .         Reflect  .     (no cloak)
rCorr  .         Harm     .     (no gloves)
MR     .....                    (no boots)
Stlth  ++........               (no amulet)
                                (no ring)
                                (no ring)

@: exhausted, starving, slowed, very slow
A: carnivore 3
a: Berserk, Trog's Hand, Burn Spellbooks, Renounce Religion


You were on level 3 of the Dungeon.
You worshipped Trog.
Trog was pleased with you.
You were starving.

You visited 1 branch of the dungeon, and saw 3 of its levels.

You collected 84 gold pieces.

Inventory:

Hand Weapons
 a - a +0 short sword
 c - a +0 short sword of venom (weapon)
 h - a +1 vampiric hand axe
Armour
 b - a +0 animal skin
 n - a +0 leather armour (worn)
 s - a +1 buckler of protection (worn)
Wands
 o - a wand of lightning (7/15)
Scrolls
 g - a scroll of noise {unknown}
 i - a scroll of enchant armour {unknown}
 k - a scroll of amnesia {unknown}
 l - 2 scrolls of remove curse {unknown}
 r - a scroll of blinking {unknown}
 t - a scroll of teleportation {unknown}
Potions
 e - a potion of degeneration {unknown}
 f - 3 potions of agility {unknown}
 j - 2 potions of curing {unknown}
 m - 2 potions of heal wounds {unknown}
 p - 2 potions of might {unknown}
Comestibles
 d - 4 slices of pizza
 q - a royal jelly


   Skills:
 + Level 3.8 Fighting
 * Level 5.4 Short Blades
 + Level 2.1 Armour
 * Level 4.5 Dodging
 * Level 3.3 Stealth


You had 5 spell levels left.
You didn't know any spells.

Dungeon Overview and Level Annotations

Branches:
Dungeon (3/15)

Altars:
Uskayaw


Innate Abilities, Weirdness & Mutations

You are small and have problems with some larger weapons.
You are carnivorous and can eat meat at any time.


Message History

Increase (S)trength, (I)ntelligence, or (D)exterity?
You feel agile. The orc barely misses you. You block the orc wizard's attack.
You block the orc's attack.
You miss the orc wizard.
You hear some strange, mumbled words.
A magic dart appears from out of thin air!
The magic dart hits you!
* * * LOW HITPOINT WARNING * * *
The orc wizard gestures wildly while chanting.
The orc wizard blinks!
The orc completely misses you.
You miss something. The orc hits you but does no damage.
You closely miss something.
You are no longer berserk.
You are exhausted.
You feel yourself slow down.
You hear some strange, mumbled words.
A magic dart appears from out of thin air!
The magic dart hits you!
You die...

#..............#+###..
#........#####......#.
#........#####......#.
###.......#..........#.
#.........#..........#.
#......#'##.......####.
#...o..#.##.......#...(
#####o)o..........#....
##ยง@{.....(.........
#...................
#...................
#........#..........
#........#.........#
#...##...#####.....#
#...##...# #.....#
#...###### #.#####
#...# #.##...


You could see an orc wizard and 2 orcs.

Vanquished Creatures
  An orc warrior (D:3)
  Ijyb (D:2)
  4 adders
  An ooze (D:1)
  2 dart slugs (D:1)
  A leopard gecko (D:2)
  3 bats
  3 giant cockroaches
  5 goblins
  9 hobgoblins (D:1)
  7 jackals (D:1)
  A quokka (D:2)
  4 frilled lizards
  3 kobolds
  6 rats (D:1)
  7 plants (D:1)
58 creatures vanquished.

Notes
Turn   | Place    | Note
-------+----------+-------------------------------------------
     0 | D:1      | CanadianGator the Kobold Berserker began the quest for the Orb.
     0 | D:1      | Reached XP level 1. HP: 14/14 MP: 1/1
    96 | D:1      | Reached XP level 2. HP: 10/19 MP: 2/2
   331 | D:1      | Reached skill level 1 in Stealth
   603 | D:1      | Reached XP level 3. HP: 22/23 MP: 3/3
  2276 | D:2      | Reached ** piety under Trog
  2283 | D:2      | Reached XP level 4. HP: 26/28 MP: 4/4
  2370 | D:2      | Noticed Ijyb
  2386 | D:2      | Killed Ijyb
  2533 | D:2      | Reached XP level 5. HP: 32/32 MP: 5/5
  2535 | D:2      | Found a hide-covered altar of Uskayaw.
  2934 | D:3      | Reached skill level 5 in Short Blades
  3065 | D:3      | Noticed an orc warrior
  3100 | D:3      | Killed an orc warrior
  3100 | D:3      | Reached XP level 6. HP: 7/38 MP: 6/6
  3101 | D:3      | HP: 2/57 [something/magic dart (6)]
  3103 | D:3      | Killed from afar by an orc wizard

Skill      XL: |  1  2  3  4  5 |
---------------+----------------+-----
Stealth        | 1 2 3 |  3.3
Armour         | 2 |  2.1
Dodging        | 3 4 |  4.5
Short Blades   | 5 |  5.4
Fighting       | |  3.8

Action                   |  1- 3 |  4- 6 || total
-------------------------+-------+-------++-------
Melee: Short sword       |    99 |    62 ||   161
       Hand axe          |   373 |       ||   373
Invok: Berserk           |     1 |     1 ||     2
 Stab: Sleeping          |     3 |     2 ||     5
  Eat: Chunk             |     6 |       ||     6
       Meat ration       |     1 |       ||     1
Armor: Animal skin       |    17 |     3 ||    20
       Leather armour    |       |    10 ||    10
Dodge: Dodged            |    80 |    44 ||   124
Block: Buckler           |       |    11 ||    11
